Map: Alcyone LE

Players

demzi - Winner!

  • Race: Zerg Zerg
  • League: Diamond
  • Spawn Location: 1:00

ThailandZerg

  • Race: Zerg Zerg
  • League: Diamond
  • Spawn Location: 7:00

VOD

Have the link to the VOD?

Description

Time

  • Played on: March 24, 2024, 6:03 p.m.
  • Length: 11:23
Show
View Real Time Build Order
Export as new Build Order

demzi Zerg - Winner!

Build Orders: Hatch First 

Get SALT Encoding   

  12  0:05  Drone  
  13  0:13  Overlord  
  13  0:17  Drone  
  14  0:31  Drone x2  
  16  0:51  Hatchery  
  16  0:53  Drone  
  16  0:57  Drone  
  16  1:01  Drone  
  18  1:09  Extractor  
  17  1:18  Spawning Pool  
  16  1:22  Drone  
  16  1:24  Drone  
  18  1:31  Drone  
  19  1:41  Drone  
  20  1:52  Overlord  
  20  2:05  Queen x2  
  20  2:06  Zergling x4  
  26  2:13  Drone  
  27  2:17  Drone  
  28  2:28  Drone x2, Spine Crawler  
  29  2:42  Hatchery  
  28  2:49  Drone  
  28  2:51  Roach Warren  
  28  2:52  Drone  
  28  2:53  Drone  
  30  3:06  Evolution Chamber  
  29  3:12  Queen  
  29  3:14  Drone x3  
  29  3:17  Overlord  
  34  3:25  Overlord  
  34  3:26  Overlord  
  34  3:35  Overlord  
  34  3:38  Overlord  
  34  3:43  Drone x2  
  34  3:44  Drone x2  
  34  3:45  Drone  
  39  3:54  Drone x2  
  41  4:01  Drone x3  
  41  4:02  Extractor x2, Drone  
  43  4:03  Drone  
  43  4:04  Drone  
  43  4:09  Drone x2  
  47  4:13  Drone  
  47  4:15  Drone  
  50  4:17  Drone, Extractor  
  50  4:19  Drone  
  50  4:20  Drone  
  51  4:30  Overlord x3  
  51  4:47  Lair  
  51  4:53  Evolution Chamber  
  51  4:59  Zerg Missile Weapons Level 1  
  50  5:03  Roach  
  50  5:04  Roach  
  50  5:07  Roach  
  56  5:10  Roach  
  56  5:13  Roach  
  60  5:16  Roach  
  60  5:19  Roach  
  64  5:22  Roach  
  66  5:41  Zerg Ground Armor Level 1  
  66  5:52  Glial Reconstitution  
  66  5:53  Overlord  
  66  5:54  Overlord x5  
  66  5:59  Roach x2  
  66  6:02  Roach  
  72  6:05  Roach  
  72  6:08  Roach  
  76  6:11  Roach  
  76  6:14  Roach  
  76  6:17  Roach  
  82  6:22  Roach  
  82  6:23  Roach  
  86  6:27  Roach  
  86  6:30  Roach  
  90  6:39  Roach x3  
  96  6:42  Roach  
  96  6:45  Roach  
  100  6:48  Roach  
  100  6:53  Roach  
  104  6:54  Roach  
  104  6:57  Roach  
  104  7:00  Roach  
  110  7:05  Roach  
  110  7:06  Roach  
  114  7:09  Zergling x2  
  114  7:10  Zergling x30  
  130  7:28  Overlord  
  130  7:29  Overlord x3  
  130  7:38  Overlord  
  130  7:39  Overlord x3  
  126  8:02  Spire  
  89  8:21  Spore Crawler  
  89  8:22  Spore Crawler x2  
  89  8:24  Spore Crawler  
  89  8:26  Spore Crawler  
  65  8:28  Spore Crawler  
  65  8:29  Spore Crawler  
  56  8:40  Spore Crawler  
  51  8:46  Roach x3  
  51  8:47  Roach x12  
  69  8:58  Roach  
  69  8:59  Roach x4  
  79  9:17  Hydralisk Den  
  46  10:16  Roach x4  
  46  10:17  Roach x15  
  76  10:22  Queen  
  76  10:23  Queen  
  74  10:34  Drone x4  
Show
View Real Time Build Order
Export as new Build Order

ThailandZerg Zerg 

Build Orders: Pool First 

Get SALT Encoding   

  12  0:02  Drone  
  13  0:09  Drone  
  14  0:21  Extractor x2, Drone x2  
  13  0:27  Overlord  
  16  0:45  Drone  
  16  0:46  Drone  
  18  0:50  Spawning Pool  
  18  0:56  Drone  
  18  1:14  Hatchery  
  18  1:16  Drone  
  18  1:18  Drone  
  19  1:21  Extractor  
  18  1:28  Drone  
  19  1:37  Queen  
  21  1:41  Drone, Extractor  
  21  1:50  Drone  
  22  2:01  Overlord  
  22  2:13  Overlord  
  22  2:14  Metabolic Boost  
  22  2:19  Queen  
  24  2:23  Drone  
  24  2:28  Queen  
  27  2:30  Drone  
  28  2:41  Baneling Nest  
  27  2:46  Zergling x2  
  27  2:48  Zergling x2  
  29  2:52  Zergling x2  
  29  2:55  Zergling x2  
  31  2:58  Zergling x2  
  31  3:04  Zergling x2  
  31  3:05  Zergling x2  
  34  3:12  Zergling x4  
  36  3:16  Zergling x2  
  37  3:20  Zergling x2  
  37  3:22  Zergling x2  
  37  3:26  Zergling x2  
  40  3:34  Zergling x2  
  40  3:35  Zergling x2  
  42  3:43  Zergling x4  
  43  3:58  Drone  
  43  4:01  Overlord  
  44  4:03  Overlord  
  44  4:10  Lair  
  44  4:13  Overlord  
  44  4:20  Drone x2  
  46  4:39  Hatchery  
  46  4:45  Drone x2  
  47  4:55  Drone x3  
  47  4:56  Drone  
  51  5:00  Drone  
  52  5:12  Spire  
  51  5:39  Extractor  
  51  5:40  Drone x6  
  51  5:41  Drone x5, Extractor  
  60  6:02  Overlord x2  
  60  6:26  Mutalisk x9, Zerg Flyer Weapons Level 1  
  60  6:32  Mutalisk  
  78  6:35  Mutalisk  
  82  6:52  Mutalisk x2  
  86  6:56  Drone x4  
  86  6:59  Overlord x2  
  90  7:14  Hatchery  
  89  7:18  Burrow  
  89  7:21  Extractor  
  89  7:22  Extractor  
  87  7:24  Zergling x4  
  87  7:25  Zergling x12  
  87  7:26  Zergling x2  
  87  7:29  Zergling x2  
  97  7:31  Zergling x4  
  101  7:38  Zergling x2  
  101  7:39  Zergling x2  
  101  7:41  Zergling x2  
  104  7:57  Zergling x12  
  104  7:58  Zergling x2  
  85  8:09  Mutalisk x3  
  85  8:10  Mutalisk  
  62  8:21  Mutalisk x3  
  60  8:40  Drone x5  
  65  8:50  Drone x3  
  68  8:55  Drone  
  68  8:56  Drone  
  68  9:00  Drone  
  68  9:02  Drone  
  72  9:33  Zergling x4  
  72  9:34  Zergling x10  
  72  9:35  Zergling x8  
  72  9:36  Zergling x2  
  59  10:09  Drone x2  
  59  10:10  Drone x8  
  68  10:29  Drone x3  
  68  10:30  Drone  
  68  10:33  Drone  
  73  10:39  Drone  
  73  10:40  Drone  
  75  10:55  Drone  
  75  10:56  Drone x4  
  80  11:01  Drone  
Tags
 
Matchup
ZvZ
Race
Zerg
Replay Pack
Multiplayer
Spawn Locations
Cross Positions
Add a new tag
Caveats
  • Supply blocks, unpowered buildings, or Contaminate may cause inaccurate times.
  • Supply counts are checked every 10 seconds.